 Dungeon Sprint DCSS version 0.24-a0-132-ge4b1dce (webtiles) character file.

Game seed: 7074993391826791845

571411 galech the Demonic Barricade (level 22, -5/233 HPs)
             Began as a Demonspawn Fighter on Feb 27, 2019.
             Was the Champion of Cheibriados.
             Killed from afar by Antaeus (33 damage)
             ... with a flash freeze
             ... in the Dungeon (Sprint IX: "|||||||||||||||||||||||||||||").
             The game lasted 00:37:33 (16636 turns).

galech the Demonic Barricade (Demonspawn Fighter)  Turns: 16636, Time: 00:37:33

Health: -5/233     AC: 41    Str: 40    XL:     22   Next: 45%
Magic:  24/46      EV: 42    Int: 25    God:    Cheibriados [******]
Gold:   753        SH: 35    Dex: 37    Spells: 61/61 levels left

rFire    + + +     SeeInvis +   S - +10 morningstar of Chance {drain, rN+}
rCold    + . .     Gourm    .   d - +3 large shield {AC+3}
rNeg     + + .     Faith    .   D - +13 chain mail "Jabreug" {Int+2 Dex+3 Stlth+}
rPois    +         Spirit   .   (helmet restricted)
rElec    .         Reflect  .   T - scarf {rC+ rF+}
rCorr    .         Harm     .   v - +2 pair of gloves of Potwyes {rF++ rN+ MR+ Stlth+}
MR       +++..     NoTele   +   (boots unavailable)
Stlth    ++++......             F - amulet of regeneration
HPRegen  0.88/turn              N - +3 ring of slaying
MPRegen  0.30/turn              M - ring of Vuron {MR+ AC+3 Str+4 Int-2 SInv}

@: mighty, repel missiles, very slow
A: horns 1, talons 3, repulsion field 3, blurry vision 1, clumsy 1, poison
resistance, powered by pain 3, robust 1, spiny 2, weak 1
0: Orb of Zot
}: 9/17 runes: decaying, serpentine, barnacled, slimy, elven, silver, golden,
abyssal, gossamer
a: Bend Time, Temporal Distortion, Slouch, Step From Time, Renounce Religion


You were in the Dungeon.
You worshipped Cheibriados.
Cheibriados was exalted by your worship.
You were not hungry.

You visited 1 branch You collected 1930 gold pieces.
You spent 1177 gold pieces at shops.

Inventory:

Hand Weapons
 a - a +0 flail
 o - the +2 morningstar of Nemelex Xobeh's Wrath {flame, Str+2 Dex+2}
   (You found it in the Dungeon)

   It has been specially enchanted to burn those struck by it, causing extra
   injury to most foes and up to half again as much damage against particularly
   susceptible opponents.
   It affects your strength (+2).
   It affects your dexterity (+2).
 I - the +7 flail of Eternal Harmony {antimagic, *Corrode rC+ rN+}
   (Okawaru gifted it to you in the Dungeon)

   It reduces the magical energy of the wielder, and disrupts the spells and
   magical abilities of those hit.
   Natural abilities and divine invocations are not affected.
   It protects you from cold.
   It protects you from negative energy.
   It may corrode you when you take damage.
 J - the +9 mace of the Pyrrhic Victory {venom, rElec rN+ Dex+4}
   (Okawaru gifted it to you in the Dungeon)

   It poisons the flesh of those it strikes.
   It affects your dexterity (+4).
   It insulates you from electricity.
   It protects you from negative energy.
 S - the +10 morningstar of Chance (weapon) {drain, rN+}
   (Okawaru gifted it to you in the Dungeon)

   A truly terrible weapon, it drains the life of those it strikes.
   It protects you from negative energy.
Armour
 b - the +0 pair of gloves "Pubiamn" {-Tele rF+ Slay+2}
   (Okawaru gifted it to you in the Dungeon)

   It affects your accuracy and damage with ranged weapons and melee attacks
   (+2).
   It protects you from fire.
   It prevents most forms of teleportation.
 d - a +3 large shield of protection (worn)
 g - a +0 helmet of see invisible
 q - +1 ice dragon scales
 u - a +1 cloak
 v - the +2 pair of gloves of Potwyes (worn) {rF++ rN+ MR+ Stlth+}
   (Okawaru gifted it to you in the Dungeon)

   It greatly protects you from fire.
   It protects you from negative energy.
   It affects your resistance to hostile enchantments.
   It makes you more stealthy.
 w - a +0 pair of gloves of dexterity
 x - the +0 shield "Ixoweobo" {rElec}
   (You bought it in a shop in the Dungeon)

   It insulates you from electricity.
 D - the +13 chain mail "Jabreug" (worn) {Int+2 Dex+3 Stlth+}
   (Okawaru gifted it to you in the Dungeon)

   It affects your intelligence (+2).
   It affects your dexterity (+3).
   It makes you more stealthy.
 H - a +1 pair of gloves of archery
 T - a scarf of resistance (worn)
Jewellery
 p - a +6 ring of strength
 r - an uncursed ring of protection from fire
 y - the ring of Asicoib {+Blink rElec rF- Str+5 Dex+3}
   (You found it in the Dungeon)

   [ring of dexterity]

   It affects your strength (+5).
   It affects your dexterity (+3).
   It makes you vulnerable to fire.
   It insulates you from electricity.
   It lets you blink.
 z - an uncursed ring of see invisible
 F - an amulet of regeneration (around neck)
 K - an uncursed ring of wizardry
 L - a +3 ring of slaying
 M - the ring of Vuron (right hand) {MR+ AC+3 Str+4 Int-2 SInv}
   (You found it in the Dungeon)

   [ring of protection]

   It affects your AC (+3).
   It affects your strength (+4).
   It affects your intelligence (-2).
   It affects your resistance to hostile enchantments.
   It lets you see invisible.
 N - a +3 ring of slaying (left hand)
 O - the amulet of Day {Gourm rC+}
   (You found it in the Dungeon)

   [amulet of the gourmand]

   It allows you to eat raw meat even when not hungry.
   It protects you from cold.
Wands
 c - a wand of flame (27)
 n - a wand of iceblast (19)
Scrolls
 l - 11 scrolls of remove curse
 m - 2 scrolls of amnesia
 t - 2 scrolls of fear
 C - 4 scrolls of fog
 E - 3 scrolls of identify
 G - 5 scrolls of enchant weapon
Potions
 e - 6 potions of curing
 h - 7 potions of haste
 i - 4 potions of magic
 j - a potion of invisibility
 s - 4 potions of brilliance
 A - 2 potions of might
 B - 2 potions of berserk rage
 R - a potion of resistance
Miscellaneous
 P - the horn of Geryon
Comestibles
 f - 16 rations


   Skills:
 O Level 27 Fighting
 O Level 27 Maces & Flails
 + Level 20.1 Throwing
 O Level 27 Armour
 O Level 27 Dodging
 O Level 27 Stealth
 O Level 27 Shields
 + Level 20.1 Unarmed Combat
 + Level 20.1 Spellcasting
 O Level 27 Invocations
 + Level 22.3 Evocations


You had 61 spell levels left.
You didn't know any spells.
Your spell library contained the following spells:

 Spells                   Type           Power        Failure   Level  Hunger
 Flame Tongue             Conj/Fire      ####.        3%          1    None
 Summon Butterflies       Summ           ####....     3%          1    None
 Throw Flame              Conj/Fire      ####..       4%          2    None
 Call Canine Familiar     Summ           ####....     9%          3    None
 Conjure Flame            Conj/Fire      ####....     9%          3    None
 Inner Flame              Hex/Fire       ####....     9%          3    None
 Sticky Flame             Conj/Fire      ####....     28%         4    None
 Summon Ice Beast         Ice/Summ       ####....     28%         4    None
 Fireball                 Conj/Fire      ####......   63%         5    None
 Summon Mana Viper        Hex/Summ       ####....     63%         5    None
 Ring of Flames           Chrm/Fire      ####......   100%        7    ####...
 Summon Hydra             Summ           ####......   100%        7    ####...


Dungeon Overview and Level Annotations

Branches:
Dungeon (1/1)

Altars:
Cheibriados
Dithmenos
Elyvilon
Fedhas
Gozag
Hepliaklqana
Kikubaaqudgha
Makhleb
Nemelex Xobeh
Okawaru
Qazlal
Ru
Sif Muna
Trog
Uskayaw
Vehumet
Wu Jian
Xom
Yredelemnul
Zin
The Shining One
Beogh
Jiyva
Lugonu

Shops:
D :[[

Annotations:
D Antaeus, Cerebov, Gloorx Vloq, Mnoleg


Innate Abilities, Weirdness & Mutations

You have claws for feet.
You are surrounded by a strong repulsion field. (EV +4, RMsl)
You are powered by pain.
You are robust. (+10% HP)
You are mostly covered in sharp spines.
You have a pair of small horns on your head.
Scrolls take you a little longer to read.
You are clumsy. (Dex -2)
Your system is resistant to poisons. (rPois)
You are weak. (Str -2)


Message History

You focus on the pain.
You feel mightier all of a sudden. Antaeus completely misses you.
You block Antaeus's attack.
Your blink will be uncontrolled - continue anyway?
Really read with blurry vision while enemies are nearby?
You begin reading the scroll.
You continue reading the scroll.
Gloorx Vloq gestures.
You block Antaeus's attack. x2
Gloorx Vloq gestures.
Mnoleg calls on the powers of chaos!
The Orb Guardian goes berserk!
The eye of draining gazes at you.
You feel your power leaking away.
The Orb prevents control of your translocation!
You blink.
As you read the scroll of blinking, it crumbles to dust.
Antaeus gestures at you. The bolt of lightning misses you.
Mnoleg gestures.
Antaeus gestures at you. The flash freeze hits you!! You partially resist.
You die...

.(')(()()))).....'.........).....
♣♣▓▓▓▓▓▓▓▓▓▓▓▓▓▓▓▓▓▓▓▓▓▓▓▓▓▓▓▓▓▓▓
.................................
▓▓▓▓▓▓▓▓▓▓▓▓▓▓▓▓▓▓▓▓▓▓▓▓▓▓▓▓▓▓▓▓▓
....'.........'.........'..†.....
▓▓▓▓▓▓▓▓▓▓▓▓▓▓▓▓▓▓▓▓▓▓▓▓▓▓▓▓▓▓▓▓▓
...))...........).(....()........
▓▓▓▓▓▓▓▓▓▓▓▓▓▓▓▓▓▓▓▓▓▓▓▓▓▓▓▓▓▓▓▓▓
..........).....@.'.'§C&&X4G&
▓▓▓▓▓▓▓▓▓▓▓▓▓▓▓▓▓▓▓▓▓▓▓▓▓▓▓▓▓


You could see Antaeus and Mnoleg.

Vanquished Creatures
  the Royal Jelly (D)
  2 seraphim (D)
  Mara (D)
  5 orbs of fire (D)
  Mennas (D)
  6 greater mummies (D)
  2 ancient liches (D)
  2 pandemonium lords (D)
  Boris (D)
  3 Killer Klowns (D)
  Sojobo (D)
  Saint Roka (D)
  Xtahua (D)
  Margery (D)
  Geryon (D)
  Nikola (D)
  4 golden dragons (D)
  A Brimstone Fiend (D)
  4 liches (D)
  4 electric golems (D)
  5 tentacled monstrosities (D)
  2 Hell Sentinels (D)
  33 Orb Guardians (D)
  2 quicksilver dragons (D)
  A deep elf blademaster (D)
  3 deep elf master archers (D)
  3 titans (D)
  10 acid blobs (D)
  Frances (D)
  12 sphinxes (D)
  4 death cobs (D)
  7 shadow dragons (D)
  Agnes (D)
  3 draconian monks (D)
  6 nagarajas (D)
  Ilsuiw (D)
  3 storm dragons (D)
  3 vault wardens (D)
  4 fire giants (D)
  A draconian scorcher (D)
  3 tengu reavers (D)
  2 daevas (D)
  5 azure jellies (D)
  4 deep elf sorcerers (D)
  A draconian knight (D)
  An orc warlord (D)
  A black sun (D)
  2 ghost moths (D)
  A balrug (D)
  4 frost giants (D)
  A cacodemon (D)
  4 emperor scorpions (D)
  Louise (D)
  An angel (D)
  2 draconian annihilators (D)
  3 very ugly things (D)
  5 ironheart preservers (D)
  2 draconian stormcallers (D)
  3 draconian shifters (D)
  5 stone giants (D)
  6 vampire knights (D)
  An entropy weaver (D)
  2 deep elf annihilators (D)
  4 green draconians (D)
  Azrael (D)
  A lorocyproca (D)
  2 yellow draconians (D)
  2 black draconians (D)
  4 white draconians (D)
  2 red draconians (D)
  A purple draconian (D)
  An ettin (D)
  A spark wasp (D)
  6 merfolk javelineers (D)
  3 deep elf death magi (D)
  2 fire dragons (D)
  A great orb of eyes (D)
  4 merfolk impalers (D)
  6 death oozes (D)
  3 yaktaur captains (D)
  A deep elf high priest (D)
  Erolcha (D)
  2 mummy priests (D)
  A crystal guardian (D)
  3 rakshasas (D)
  25 vault guards (D)
  6 hydras (D)
  5 ice dragons (D)
  A spriggan air mage (D)
  2 hell beasts (D)
  3 naga warriors (D)
  2 ghost crabs (D)
  An alligator (D)
  2 merfolk avatars (D)
  A death knight (D)
  2 centaur warriors (D)
  3 ogre magi (D)
  4 merfolk aquamancers (D)
  A deep troll shaman (D)
  A thrashing horror (D)
  A deep troll earth mage (D)
  An orc high priest (D)
  A tengu warrior (D)
  2 spriggan berserkers (D)
  2 soul eaters (D)
  Urug (D)
  6 hell knights (D)
  2 sun demons (D)
  A shock serpent (D)
  3 deep elf knights (D)
  Nergalle (D)
  A skeletal warrior (D)
  A cherub (D)
  A sea snake (D)
  A glowing orange brain (D)
  A torturous demonspawn (D)
  A spriggan druid (D)
  2 gelid demonspawn (D)
  A shadow demon (D)
  5 swamp dragons (D)
  2 deep elf archers (D)
  2 naga ritualists (D)
  A wolf spider (D)
  An ugly thing (D)
  2 necromancers (D)
  2 ironbrand convokers (D)
  A mana viper (D)
  6 orc knights (D)
  2 deep elf magi (D)
  2 orb spiders (D)
  A salamander (shapeshifter) (D)
  2 large abominations (D)
  9 moths of wrath (D)
  4 black mambas (D)
  4 vault sentinels (D)
  A merfolk siren (D)
  3 guardian serpents (D)
  Joseph (D)
  A smoke demon (D)
  An orange demon (D)
  5 spiny frogs (D)
  A rust devil (D)
  A naga mage (D)
  A gargoyle (D)
  A tormentor (D)
  4 small abominations (D)
  A freezing wraith (D)
  An ancient zyme (D)
  20 guardian mummies (D)
  2 red devils (D)
  A tengu conjurer (D)
  5 yaktaurs (D)
  8 merfolk (D)
  A troll (D)
  A wandering mushroom (D)
  A komodo dragon (D)
  4 jumping spiders (D)
  A polar bear (D)
  A polar bear (shapeshifter) (D)
  3 hippogriffs (D)
  2 slime creatures (D)
  A snapping turtle (D)
  2 shadows (D)
  3 tarantellas (D)
  11 spriggans (D)
  5 yaks (D)
  2 redbacks (D)
  A wraith (D)
  4 fire elementals (D)
  2 ynoxinuls (D)
  2 chaos spawn (D)
  Grum (D)
  2 wargs (D)
  2 neqoxecs (D)
  2 nagas (D)
  A water moccasin (D)
  A hell hound (D)
  4 acid dragons (D)
  A floating eye (D)
  5 porcupines (D)
  2 swamp drakes (D)
  19 orc warriors (D)
  7 black bears (D)
  2 sky beasts (D)
  An eye of draining (D)
  An ogre (D)
  2 wolves (D)
  2 centaurs (D)
  A bullfrog (D)
  A howler monkey (D)
  A hound (D)
  A jelly (D)
  4 orc priests (D)
  6 orc wizards (D)
  An adder (D)
  12 orcs (D)
  A bat skeleton (D)
  3 bat zombies (D)
  A giant cockroach (D)
  2 kobolds (D)
  A bat (D)
  A jackal skeleton (D)
  A leopard gecko zombie (D)
  A rat (D)
  A fire vortex (D)
594 creatures vanquished.

Vanquished Creatures (others)
  Ereshkigal (D)
  An Orb Guardian (D)
  A vampire knight (D)
  A hydra (D)
  A centaur warrior (D)
  A small abomination (D)
  An alligator (D)
  A soul eater (D)
  A tyrant leech (D)
  A golden eye (D)
10 creatures vanquished.

Grand Total: 604 creatures vanquished

Notes
Turn   | Place    | Note
-------+----------+-------------------------------------------
     0 | D        | galech the Demonspawn Fighter began the quest for the Orb.
     0 | D        | Reached XP level 1. HP: 18/18 MP: 1/1
   129 | D        | Noticed a hound
   129 | D        | Noticed a centaur
   137 | D        | Killed a hound
   137 | D        | Gained mutation: You have sharp toenails. [demonic
                  | ancestry]
   137 | D        | Reached XP level 2. HP: 23/26 MP: 2/2
   137 | D        | Gained mutation: You sometimes gain a little power by
                  | taking damage. [demonic ancestry]
   137 | D        | Reached XP level 3. HP: 28/31 MP: 3/3
   142 | D        | Killed a centaur
   142 | D        | Reached skill level 5 in Fighting
   142 | D        | Reached skill level 5 in Armour
   142 | D        | Reached skill level 1 in Dodging
   142 | D        | Reached skill level 5 in Shields
   142 | D        | Gained mutation: You sometimes gain power by taking damage.
                  | [demonic ancestry]
   142 | D        | Reached XP level 4. HP: 18/39 MP: 4/4
   339 | D        | Found a roughly hewn altar of Beogh.
   339 | D        | Found a snail-covered altar of Cheibriados.
   339 | D        | Found a shadowy altar of Dithmenos.
   339 | D        | Found a white marble altar of Elyvilon.
   339 | D        | Found a blossoming altar of Fedhas.
   339 | D        | Found an opulent altar of Gozag.
   340 | D        | Found a hazy altar of Hepliaklqana.
   341 | D        | Found a viscous altar of Jiyva.
   342 | D        | Found an ancient bone altar of Kikubaaqudgha.
   343 | D        | Found a corrupted altar of Lugonu.
   344 | D        | Found a burning altar of Makhleb.
   345 | D        | Found a sparkling altar of Nemelex Xobeh.
   346 | D        | Found an iron altar of Okawaru.
   347 | D        | Found a stormy altar of Qazlal.
   348 | D        | Found a sacrificial altar of Ru.
   349 | D        | Found a deep blue altar of Sif Muna.
   350 | D        | Found a bloodstained altar of Trog.
   351 | D        | Found a hide-covered altar of Uskayaw.
   352 | D        | Found a radiant altar of Vehumet.
   353 | D        | Found an ornate altar of the Wu Jian Council.
   354 | D        | Became a worshipper of Warmaster Okawaru
   355 | D        | Found a shimmering altar of Xom.
   356 | D        | Found a basalt altar of Yredelemnul.
   357 | D        | Found a glowing silver altar of Zin.
   358 | D        | Found a glowing golden altar of the Shining One.
   375 | D        | Got the +2 morningstar of Nemelex Xobeh's Wrath {flame,
                  | Str+2 Dex+2}
   409 | D        | Noticed a yak
   409 | D        | Noticed an orc warrior
   419 | D        | Killed a yak
   419 | D        | Reached skill level 5 in Maces & Flails
   419 | D        | Reached XP level 5. HP: 25/47 MP: 5/5
   419 | D        | Gained mutation: You are surrounded by a mild repulsion
                  | field. (EV +2) [demonic ancestry]
   419 | D        | Reached XP level 6. HP: 29/53 MP: 6/6
   435 | D        | Killed an orc warrior
   435 | D        | Reached * piety under Okawaru
   629 | D        | Noticed a sky beast
   629 | D        | Noticed a yak
   629 | D        | Noticed a tengu warrior
   629 | D        | Noticed a centaur warrior
   629 | D        | Noticed a troll
   634 | D        | Killed a sky beast
   634 | D        | Reached XP level 7. HP: 52/60 MP: 7/7
   636 | D        | Killed a yak
   640 | D        | Killed a tengu warrior
   640 | D        | Reached ** piety under Okawaru
   640 | D        | Reached skill level 10 in Maces & Flails
   640 | D        | Gained mutation: You are surrounded by a moderate repulsion
                  | field. (EV +3) [demonic ancestry]
   640 | D        | Reached XP level 8. HP: 48/69 MP: 8/8
   646 | D        | Killed a centaur warrior
   646 | D        | Reached *** piety under Okawaru
   646 | D        | Reached **** piety under Okawaru
   646 | D        | Reached skill level 1 in Stealth
   649 | D        | Killed a troll
   649 | D        | Gained mutation: You have razor-sharp toenails. [demonic
                  | ancestry]
   649 | D        | Reached XP level 9. HP: 49/77 MP: 9/9
   884 | D        | Noticed a black mamba
   884 | D        | Noticed a spiny frog
   889 | D        | Killed a black mamba
   891 | D        | Killed a spiny frog
   891 | D        | Reached skill level 10 in Fighting
   896 | D        | Noticed a spiny frog
   905 | D        | Reached ***** piety under Okawaru
   905 | D        | Reached skill level 5 in Dodging
   914 | D        | Reached skill level 1 in Invocations
   918 | D        | Received a gift from Okawaru
   920 | D        | Killed a spiny frog
   920 | D        | Gained mutation: You have claws for feet. [demonic
                  | ancestry]
   920 | D        | Reached XP level 10. HP: 86/86 MP: 8/10
   946 | D        | Noticed a spiny frog
   956 | D        | Noticed a spiny frog
   958 | D        | Killed a spiny frog
   958 | D        | Reached skill level 10 in Armour
   981 | D        | Killed a spiny frog
  1147 | D        | Reached skill level 15 in Maces & Flails
  1220 | D        | Noticed Grum
  1228 | D        | Killed Grum
  1291 | D        | Noticed an orc knight
  1306 | D        | Killed an orc knight
  1306 | D        | Noticed an orc high priest
  1324 | D        | Killed an orc high priest
  1324 | D        | Reached skill level 10 in Shields
  1324 | D        | Gained mutation: You are powered by pain. [demonic
                  | ancestry]
  1324 | D        | Reached XP level 11. HP: 11/93 MP: 11/13
  1664 | D        | Noticed an orc knight
  1671 | D        | Killed an orc knight
  1671 | D        | Received a gift from Okawaru
  1788 | D        | Found Tiang's Food Emporium.
  1788 | D        | Noticed an orc knight
  1796 | D        | Killed an orc knight
  1797 | D        | Found Cegymezonn's Book Shoppe.
  1816 | D        | Noticed an orc knight
  1820 | D        | Found Oxkoture's Antique Armour Emporium.
  1832 | D        | Killed an orc knight
  1833 | D        | Found Ysuthil's Antique Armour Shoppe.
  1840 | D        | Noticed an orc knight
  1843 | D        | Noticed an orc knight
  1851 | D        | Killed an orc knight
  2198 | D        | Killed an orc knight
  2363 | D        | Bought an embroidered cloak for 195 gold pieces
  2363 | D        | Bought a runed chain mail for 195 gold pieces
  2363 | D        | Bought an ancient shield for 247 gold pieces
  2373 | D        | Identified the +0 shield "Ixoweobo" {rElec} (You bought it
                  | in a shop in the Dungeon)
  2433 | D        | Noticed Joseph
  2445 | D        | Killed Joseph
  2455 | D        | Noticed Erolcha
  2455 | D        | Paralysed by Erolcha for 2 turns
  2468 | D        | Killed Erolcha
  2595 | D        | Got the +1 crystal plate armour "Carph" {Dex+2}
  2657 | D        | Noticed a deep elf mage
  2657 | D        | Noticed a skeletal warrior
  2663 | D        | Killed a deep elf mage
  2663 | D        | Received a gift from Okawaru
  2680 | D        | Killed a skeletal warrior
  2680 | D        | Reached skill level 5 in Invocations
  2690 | D        | Noticed a frost giant
  2693 | D        | Noticed a rakshasa
  2694 | D        | Noticed a white very ugly thing
  2695 | D        | Noticed an ogre mage
  2702 | D        | Noticed a necromancer
  2706 | D        | Killed a frost giant
  2711 | D        | Killed an ogre mage
  2711 | D        | Reached XP level 12. HP: 59/105 MP: 8/16
  2713 | D        | Killed a white very ugly thing
  2719 | D        | Killed a rakshasa
  2732 | D        | Noticed an ice dragon
  2740 | D        | Killed an ice dragon
  2742 | D        | HP: 2/107 [ice dragon simulacrum (21)]
  2767 | D        | Got a jewelled chain mail {god gift}
  2778 | D        | Identified the +13 chain mail "Jabreug" {Int+2 Dex+3
                  | Stlth+} (Okawaru gifted it to you in the Dungeon)
  3102 | D        | Noticed Urug
  3110 | D        | Killed Urug
  3131 | D        | Noticed Saint Roka
  3154 | D        | HP: 5/107 [Saint Roka/divine providence (11)]
  3168 | D        | Killed Saint Roka
  3169 | D        | Received a gift from Okawaru
  3469 | D        | Noticed a merfolk javelineer
  3469 | D        | Noticed a merfolk impaler
  3576 | D        | Killed a merfolk impaler
  3741 | D        | Killed a merfolk javelineer
  3741 | D        | Reached ****** piety under Okawaru
  3741 | D        | Reached skill level 15 in Fighting
  3972 | D        | Noticed an entropy weaver
  4123 | D        | Gained mutation: You are partially covered in sharp spines.
                  | [demonic ancestry]
  4123 | D        | Reached XP level 13. HP: 75/116 MP: 19/19
  4319 | D        | Killed an entropy weaver
  4522 | D        | Received a gift from Okawaru
  4660 | D        | Reached skill level 15 in Shields
  5284 | D        | Killed a ghost moth
  5374 | D        | Noticed Nergalle
  5389 | D        | Killed Nergalle
  5471 | D        | Noticed Frances
  5487 | D        | Killed Frances
  5524 | D        | Noticed a shadow dragon
  5557 | D        | Reached skill level 10 in Invocations
  5569 | D        | Noticed a fire giant
  5573 | D        | Received a gift from Okawaru
  5575 | D        | Noticed a tengu reaver
  5590 | D        | Killed a shadow dragon
  5594 | D        | Killed a fire giant
  5599 | D        | Killed a tengu reaver
  5599 | D        | Reached XP level 14. HP: 71/128 MP: 21/21
  5695 | D        | Noticed a fire giant
  5704 | D        | Killed a fire giant
  6066 | D        | Noticed a stone giant
  6081 | D        | Killed a stone giant
  6307 | D        | Noticed an ironheart preserver
  6319 | D        | Noticed a vault warden
  6328 | D        | Noticed a vault warden
  6331 | D        | Killed an ironheart preserver
  6331 | D        | Received a gift from Okawaru
  6336 | D        | Noticed a storm dragon
  6344 | D        | Noticed a stone giant
  6351 | D        | Killed a vault warden
  6356 | D        | Killed a vault warden
  6365 | D        | Reached skill level 10 in Dodging
  6378 | D        | Killed a storm dragon
  6385 | D        | Killed a stone giant
  6396 | D        | Noticed an Orb Guardian
  6408 | D        | Killed an Orb Guardian
  6860 | D        | Got a pair of warped gloves {god gift}
  6871 | D        | Identified the +0 pair of gloves "Pubiamn" {-Tele rF+
                  | Slay+2} (Okawaru gifted it to you in the Dungeon)
  6909 | D        | Noticed Margery
  6931 | D        | Killed Margery
  6931 | D        | Received a gift from Okawaru
  6931 | D        | Reached skill level 15 in Armour
  6951 | D        | Gained mutation: You are mostly covered in sharp spines.
                  | [demonic ancestry]
  6951 | D        | Reached XP level 15. HP: 52/139 MP: 17/24
  7284 | D        | Noticed Sojobo
  7285 | D        | Noticed a tengu reaver
  7285 | D        | Noticed a tengu reaver
  7304 | D        | Killed Sojobo
  7319 | D        | Killed a tengu reaver
  7325 | D        | Killed a tengu reaver
  7361 | D        | Noticed Louise
  7451 | D        | Killed Louise
  7594 | D        | Noticed Agnes
  7603 | D        | Killed Agnes
  7635 | D        | Noticed Mara
  7640 | D        | Noticed galech's illusion
  7769 | D        | Killed Mara
  7769 | D        | Received a gift from Okawaru
  7772 | D        | Got a warped flail {god gift}
  7773 | D        | Identified the +9 flail of a bazaar {drain, Fragile rN+
                  | Str+5 SInv} (Okawaru gifted it to you in the Dungeon)
  7777 | D        | Noticed Boris
  7792 | D        | Killed Boris
  7889 | D        | Received a gift from Okawaru
  7981 | D        | Got a decaying rune of Zot
  7989 | D        | Noticed a ghost moth
  8031 | D        | Killed a ghost moth
  8038 | D        | Reached skill level 5 in Stealth
  8044 | D        | Got a gossamer rune of Zot
  8174 | D        | Noticed Ilsuiw
  8190 | D        | Reached XP level 16. HP: 132/152 MP: 26/26
  8229 | D        | Received a gift from Okawaru
  8237 | D        | Killed Ilsuiw
  8271 | D        | Got a barnacled rune of Zot
  8278 | D        | Got a transparent mace {god gift}
  8282 | D        | Identified the +9 mace of the Pyrrhic Victory {venom, rElec
                  | rN+ Dex+4} (Okawaru gifted it to you in the Dungeon)
  8329 | D        | Reached skill level 15 in Invocations
  8369 | D        | Got a serpentine rune of Zot
  8441 | D        | Noticed Azrael
  8466 | D        | Killed Azrael
  8636 | D        | Noticed Mennas
  8672 | D        | Killed Mennas
  8672 | D        | Received a gift from Okawaru
  8675 | D        | Got a pair of faintly glowing gloves {god gift}
  8686 | D        | Identified the +2 pair of gloves of Potwyes {rF++ rN+ MR+
                  | Stlth+} (Okawaru gifted it to you in the Dungeon)
  9037 | D        | Reached XP level 17. HP: 161/164 MP: 29/29
  9095 | D        | Noticed a quicksilver dragon
  9144 | D        | Killed a quicksilver dragon
  9233 | D        | Received a gift from Okawaru
  9239 | D        | Reached skill level 27 in Shields
  9253 | D        | Got a bloodstained hat {god gift}
  9280 | D        | Identified the +0 hat of Hatyedoa {MR+} (Okawaru gifted it
                  | to you in the Dungeon)
  9403 | D        | Noticed a golden dragon
  9403 | D        | Noticed a tentacled monstrosity
  9411 | D        | Noticed a quicksilver dragon
  9441 | D        | Killed a golden dragon
  9442 | D        | Noticed a lich
  9447 | D        | Killed a tentacled monstrosity
  9459 | D        | Identified the Papyrus of the Blaze
  9481 | D        | Killed a quicksilver dragon
  9494 | D        | Killed a lich
  9497 | D        | Got a silver rune of Zot
  9548 | D        | Noticed Xtahua
  9567 | D        | Killed Xtahua
  9624 | D        | Got the ring of Asicoib {+Blink rElec rF- Str+5 Dex+3}
  9628 | D        | Got the ring of Vuron {MR+ AC+3 Str+4 Int-2 SInv}
  9632 | D        | Got the amulet of Day {Gourm rC+}
  9758 | D        | Noticed Nikola
  9772 | D        | Killed Nikola
  9772 | D        | Received a gift from Okawaru
  9775 | D        | Got a warped flail {god gift}
  9776 | D        | Identified the +7 flail of Eternal Harmony {antimagic,
                  | *Corrode rC+ rN+} (Okawaru gifted it to you in the Dungeon)
  9799 | D        | Noticed a tentacled monstrosity
  9818 | D        | Killed a tentacled monstrosity
  9902 | D        | Noticed a golden dragon
  9928 | D        | Killed a golden dragon
  9928 | D        | Received a gift from Okawaru
  9961 | D        | Gained mutation: You are surrounded by a strong repulsion
                  | field. (EV +4, RMsl) [demonic ancestry]
  9961 | D        | Reached XP level 18. HP: 160/180 MP: 10/32
 10050 | D        | Reached skill level 27 in Maces & Flails
 10064 | D        | Reached skill level 27 in Fighting
 10106 | D        | Noticed a tentacled monstrosity
 10118 | D        | Killed a tentacled monstrosity
 10186 | D        | Noticed a golden dragon
 10186 | D        | Noticed a Killer Klown
 10196 | D        | Killed a golden dragon
 10209 | D        | Killed a Killer Klown
 10209 | D        | Received a gift from Okawaru
 10209 | D        | Reached skill level 15 in Dodging
 10319 | D        | Noticed a golden dragon
 10355 | D        | Killed a golden dragon
 10355 | D        | Reached skill level 10 in Stealth
 10541 | D        | Noticed an Orb Guardian
 10541 | D        | Noticed an Orb Guardian
 10541 | D        | Noticed an Orb Guardian
 10541 | D        | Noticed an Orb Guardian
 10541 | D        | Noticed an Orb Guardian
 10541 | D        | Noticed an Orb Guardian
 10544 | D        | Noticed an Orb Guardian
 10549 | D        | Killed an Orb Guardian
 10555 | D        | Killed an Orb Guardian
 10556 | D        | Noticed an Orb Guardian
 10560 | D        | Killed an Orb Guardian
 10575 | D        | Killed an Orb Guardian
 10575 | D        | Received a gift from Okawaru
 10576 | D        | Noticed an Orb Guardian
 10584 | D        | Killed an Orb Guardian
 10585 | D        | Noticed an Orb Guardian
 10595 | D        | Killed an Orb Guardian
 10600 | D        | Killed an Orb Guardian
 10600 | D        | Reached skill level 27 in Invocations
 10612 | D        | Killed an Orb Guardian
 10620 | D        | Killed an Orb Guardian
 10627 | D        | Killed an Orb Guardian
 10627 | D        | Reached XP level 19. HP: 145/189 MP: 12/36
 10716 | D        | Received a gift from Okawaru
 10722 | D        | Reached skill level 15 in Stealth
 10779 | D        | Got a shimmering morningstar {god gift}
 10780 | D        | Identified the +10 morningstar of Chance {drain, rN+}
                  | (Okawaru gifted it to you in the Dungeon)
 10887 | D        | Noticed an ancient lich
 10894 | D        | Killed an ancient lich
 10896 | D        | Noticed an orb of fire
 10917 | D        | Killed an orb of fire
 10917 | D        | Received a gift from Okawaru
 12477 | D        | Fell from the grace of Okawaru
 12477 | D        | Became a worshipper of Cheibriados the Contemplative
 12775 | D        | Bought a ration for 60 gold pieces
 12775 | D        | Bought a ration for 60 gold pieces
 12775 | D        | Bought a ration for 60 gold pieces
 12775 | D        | Bought a ration for 60 gold pieces
 12775 | D        | Bought a ration for 60 gold pieces
 12775 | D        | Bought a ration for 60 gold pieces
 12775 | D        | Bought a ration for 60 gold pieces
 12775 | D        | Bought a ration for 60 gold pieces
 12775 | D        | Bought a ration for 60 gold pieces
 13968 | D        | Noticed an electric golem
 13971 | D        | Killed an electric golem
 13973 | D        | Noticed a Killer Klown
 13973 | D        | Noticed an orb of fire
 13973 | D        | Noticed an orb of fire
 13973 | D        | Noticed a Killer Klown
 13979 | D        | Killed a Killer Klown
 13979 | D        | Reached * piety under Cheibriados
 13983 | D        | Noticed an orb of fire
 13985 | D        | Noticed an electric golem
 14006 | D        | Gained mutation: Your system is resistant to poisons.
                  | (rPois) [an orb of fire]
 14011 | D        | Killed an orb of fire
 14011 | D        | Reached ** piety under Cheibriados
 14029 | D        | Gained mutation: Scrolls take you a little longer to read.
                  | [an orb of fire]
 14035 | D        | Gained mutation: You are weak. (Str -2) [an orb of fire]
 14043 | D        | Gained mutation: Your magical capacity is low. (-10% MP)
                  | [an orb of fire]
 14050 | D        | Killed an orb of fire
 14069 | D        | Killed an orb of fire
 14069 | D        | Reached *** piety under Cheibriados
 14089 | D        | Reached **** piety under Cheibriados
 14114 | D        | Killed an electric golem
 14114 | D        | Reached ***** piety under Cheibriados
 14204 | D        | Killed a Killer Klown
 14257 | D        | Noticed an orb of fire
 14259 | D        | Noticed an electric golem
 14260 | D        | Noticed an electric golem
 14272 | D        | Gained mutation: You are very weak. (Str -4) [an orb of
                  | fire]
 14276 | D        | Killed an electric golem
 14281 | D        | Gained mutation: You are frail. (-10% HP) [an orb of fire]
 14282 | D        | Killed an orb of fire
 14282 | D        | Reached XP level 20. HP: 172/177 MP: 33/33
 14292 | D        | Reached ****** piety under Cheibriados
 14401 | D        | Got the Orb of Zot
 14498 | D        | Lost mutation: Your magical capacity is low. (-10% MP)
                  | [potion of mutation]
 14498 | D        | Lost mutation: You are frail. (-10% HP) [potion of
                  | mutation]
 14498 | D        | Lost mutation: You are very weak. (Str -4) [potion of
                  | mutation]
 14498 | D        | Lost mutation: You are weak. (Str -2) [potion of mutation]
 14498 | D        | Gained mutation: You are clumsy. (Dex -2) [potion of
                  | mutation]
 14498 | D        | Gained mutation: You have a pair of small horns on your
                  | head. [potion of mutation]
 14533 | D        | Noticed an ancient lich
 14548 | D        | Killed an ancient lich
 14667 | D        | Reached skill level 27 in Stealth
 14708 | D        | Reached skill level 27 in Armour
 14711 | D        | Reached skill level 27 in Dodging
 14720 | D        | Got an elven rune of Zot
 14767 | D        | Paralysed by a floating eye for 2 turns
 14774 | D        | Reached skill level 5 in Evocations
 14777 | D        | Noticed the Royal Jelly
 14784 | D        | Reached skill level 5 in Throwing
 14784 | D        | Reached skill level 5 in Unarmed Combat
 14784 | D        | Reached skill level 5 in Spellcasting
 14796 | D        | Killed the Royal Jelly
 14796 | D        | Gained mutation: You are robust. (+10% HP) [demonic
                  | ancestry]
 14796 | D        | Reached XP level 21. HP: 151/224 MP: 38/38
 14827 | D        | Reached skill level 10 in Evocations
 14849 | D        | Reached skill level 10 in Throwing
 14849 | D        | Reached skill level 10 in Unarmed Combat
 14849 | D        | Reached skill level 10 in Spellcasting
 14865 | D        | Got a slimy rune of Zot
 15342 | D        | Noticed a greater mummy
 15374 | D        | Killed a greater mummy
 15374 | D        | Reached skill level 15 in Evocations
 15558 | D        | Noticed a greater mummy
 15558 | D        | Noticed a greater mummy
 15558 | D        | Noticed a greater mummy
 15569 | D        | Killed a greater mummy
 15569 | D        | Reached skill level 15 in Throwing
 15569 | D        | Reached skill level 15 in Unarmed Combat
 15569 | D        | Reached skill level 15 in Spellcasting
 15570 | D        | Noticed a greater mummy
 15573 | D        | Noticed a greater mummy
 15579 | D        | Killed a greater mummy
 15581 | D        | HP: 8/222 [something (30)]
 15746 | D        | Killed a greater mummy
 15799 | D        | Killed a greater mummy
 15906 | D        | Noticed a seraph
 15918 | D        | Killed a seraph
 15976 | D        | Noticed Nairargh the pandemonium lord
 15991 | D        | Killed Nairargh the pandemonium lord
 15991 | D        | Reached XP level 22. HP: 220/233 MP: 43/43
 16000 | D        | Killed a greater mummy
 16020 | D        | Got a golden rune of Zot
 16057 | D        | Got an abyssal rune of Zot
 16111 | D        | Noticed a seraph
 16126 | D        | Killed a seraph
 16285 | D        | Killed Ereshkigal
 16422 | D        | Gained mutation: You are weak. (Str -2) [a cacodemon]
 16603 | D        | Noticed Geryon
 16608 | D        | Killed Geryon
 16611 | D        | Noticed Ruwn the pandemonium lord
 16611 | D        | Noticed Gloorx Vloq
 16611 | D        | Noticed Antaeus
 16612 | D        | Noticed Mnoleg
 16624 | D        | Killed Ruwn the pandemonium lord
 16626 | D        | Identified the +6 sword of Cerebov {flame}
 16626 | D        | Noticed Cerebov
 16636 | D        | Killed from afar by Antaeus

Levels and vault maps discovered:
D:        linesprint [early_d, line_temple, items_1, d_10, items_2, lair_1,
          lair_end, items_3, orc_1, orc_end, items_4, d_15, swamp_1, shoals_1,
          snake_1, spider_1, d_20, vaults_1, items_5, swamp_end, shoals_end,
          snake_end, spider_end, vaults_end, d_27, items_6, zot_1, zot_end,
          crypt_end, forest_end, elf_end, slime_end, tomb_end, abyss_end,
          pan_hell_end]

Skill      XL: |  1  2  3  4  5  6  7  8  9 10 11 12 13 14 15 16 17 18 19 20 21 22 |
---------------+-------------------------------------------------------------------+-----
Armour         | 4 5 6 7 8 9 10 11 12 14 15 16 17 19 23 27 | 27.0
Shields        | 4 5 6 7 8 10 11 13 16 19 22 25 27 | 27.0
Maces & Flails | 2 3 5 7 10 11 13 15 17 18 19 20 22 23 26 27 | 27.0
Fighting       | 4 5 6 7 8 9 10 11 13 15 17 19 21 23 26 27 | 27.0
Dodging        | 1 2 3 4 5 7 8 9 10 11 12 13 19 23 27 | 27.0
Stealth        | 1 2 3 5 13 23 27 | 27.0
Invocations    | 1 3 6 9 10 12 14 16 20 27 | 27.0
Throwing       | 8 17 20 | 20.1
Unarmed Combat | 8 17 20 | 20.1
Spellcasting   | 8 17 20 | 20.1
Evocations     | 9 18 22 | 22.3

Action                   |  1- 3 |  4- 6 |  7- 9 | 10-12 | 13-15 | 16-18 | 19-21 | 22-24 || total
-------------------------+-------+-------+-------+-------+-------+-------+-------+-------++-------
Melee: Flail             |    33 |     2 |       |       |   133 |   537 |    73 |       ||   778
       Kick              |     2 |    15 |    17 |   162 |   392 |   645 |   438 |    87 ||  1758
       Morningstar       |       |    31 |    47 |   332 |   552 |       |   642 |   150 ||  1754
       Mace              |       |       |       |       |       |   531 |       |       ||   531
       Headbutt          |       |       |       |       |       |       |   171 |    55 ||   226
Invok: Heroism           |       |       |     2 |    13 |    18 |    11 |       |       ||    44
       Finesse           |       |       |       |     2 |     4 |    11 |     1 |       ||    18
       Step From Time    |       |       |       |       |       |       |     1 |       ||     1
Evoke: Horn of Geryon    |       |       |       |       |       |       |       |     1 ||     1
  Use: Potion            |     1 |     1 |       |     7 |     5 |     3 |     8 |       ||    25
       Scroll            |       |       |       |     3 |     3 |     1 |     2 |     1 ||    10
 Stab: Confused          |       |       |       |       |     2 |       |       |       ||     2
       Sleeping          |       |       |       |       |       |     2 |     8 |     1 ||    11
       Distracted        |       |       |       |       |       |     1 |     2 |       ||     3
  Eat: Chunk             |       |       |       |     7 |     7 |     8 |     5 |       ||    27
       Ration            |       |       |       |     1 |     2 |       |     3 |     1 ||     7
Armor: Scale mail        |    10 |       |       |       |       |       |       |       ||    10
       Ring mail         |       |     7 |    12 |    12 |       |       |       |       ||    31
       Crystal plate arm |       |       |       |     7 |       |       |       |       ||     7
       Chain mail        |       |       |       |    15 |   125 |    89 |    56 |     7 ||   292
Dodge: Dodged            |    10 |     9 |    29 |   103 |   175 |   140 |   242 |    35 ||   743
       Deflected         |       |       |       |       |       |       |    12 |     1 ||    13
Block: Shield            |    13 |    13 |    24 |    74 |       |       |       |       ||   124
       Large shield      |       |       |       |   117 |   503 |   607 |   649 |   158 ||  2034

Table legend:
 A = Non-vault XP
 B = Vault XP
 C = Vault XP percentage of total XP
 D = Non-vault monster count
 E = Vault monster count
 F = Vault count percentage of total count
                 A         B        C        D         E       F
            +---------+---------+-------+---------+---------+-------
      Total |    1262 |  692023 |  99.8 |       2 |     523 |  99.6
            +---------+---------+-------+---------+---------+-------
          D |    1262 |  692023 |  99.8 |       2 |     523 |  99.6
            +---------+---------+-------+---------+---------+-------
